 Dungeon Crawl Stone Soup version 0.23.2-1-ga50397a (webtiles) character file.

Game seed: 9216799280874812889

1344 dvd the Vexing (level 8, 0/60 HPs)
             Began as a Gnoll Arcane Marksman on May 9, 2019.
             Was an Initiate of Makhleb.
             Succumbed to a water moccasin's poison
             ... on level 5 of the Dungeon.
             The game lasted 00:16:57 (5873 turns).

dvd the Vexing (Gnoll Arcane Marksman)              Turns: 5873, Time: 00:16:58

Health: 0/60       AC: 19    Str: 11 (14) XL:     8   Next: 62%
Magic:  14/14      EV:  7    Int: 19 (22) God:    Makhleb [......]
Gold:   193        SH:  0    Dex: 13 (15) Spells: 7/15 levels left

rFire    . . .     SeeInvis +   z - +1 rapier (protect)
rCold    + . .     Gourm    .   (no shield)
rNeg     . . .     Faith    .   A - +2 chain mail {rC+}
rPois    .         Spirit   +   (no helmet)
rElec    .         Reflect  .   I - scarf {Spirit}
rCorr    .         Harm     +   (no gloves)
MR       .....                  y - +0 pair of boots
Stlth    ..........             B - amulet of harm
HPRegen  0.20/turn              h - ring of see invisible
MPRegen  0.14/turn              (no ring)

@: brilliant, lethally poisoned (0 -> -41), protection aura
A: distributed training, fangs 1, strong nose
a: Renounce Religion


You were on level 5 of the Dungeon.
You worshipped Makhleb.
Makhleb was noncommittal.
You were very hungry.

You visited 1 branch of the dungeon, and saw 5 of its levels.

You collected 193 gold pieces.

Inventory:

Hand Weapons
 a - a +0 hand crossbow
 l - a +0 dagger
 t - a +0 short sword
 v - a +0 hand axe
 w - a +5 club
 z - a +1 rapier of protection (weapon)
 J - a +0 war axe
Missiles
 d - 31 bolts
Armour
 e - a +0 robe
 y - a +0 pair of boots (worn)
 A - a +2 chain mail of cold resistance (worn)
 C - a +0 ring mail
 I - a scarf of spirit shield (worn)
Jewellery
 h - a ring of see invisible (left hand)
 q - an uncursed ring of ice
 B - an amulet of harm (around neck)
Wands
 D - a wand of flame (21)
Scrolls
 b - a scroll of blinking {unknown}
 c - 4 scrolls of teleportation {unknown}
 j - 2 scrolls of fear {unknown}
 k - 8 scrolls of identify {unknown}
 m - 2 scrolls of immolation {unknown}
 s - 2 scrolls of enchant weapon {unknown}
 x - 4 scrolls of amnesia {unknown}
 K - a scroll of enchant armour {unknown}
 M - a scroll of remove curse {unknown}
Potions
 g - a potion of magic
 i - a potion of berserk rage {unknown}
 n - a potion of resistance {unknown}
 o - a potion of agility {unknown}
 p - a potion of heal wounds {unknown}
 r - 5 potions of brilliance
 u - a potion of degeneration
 E - a potion of haste {unknown}
 F - a potion of lignification {unknown}
 G - a potion of curing {unknown}
 H - 2 potions of mutation {unknown}
Comestibles
 f - 12 rations
 L - 3 chunks of flesh


   Skills:
 + Level 4.3 Fighting
 + Level 3.3 Short Blades
 + Level 3.3 Long Blades
 + Level 3.3 Axes
 + Level 3.3 Maces & Flails
 + Level 3.3 Polearms
 + Level 3.3 Staves
 + Level 3.3 Slings
 + Level 3.3 Bows
 + Level 5.7 Crossbows
 + Level 3.3 Throwing
 + Level 3.3 Armour
 + Level 5.7 Dodging
 + Level 3.3 Stealth
 + Level 3.3 Shields
 + Level 3.3 Unarmed Combat
 + Level 4.4 Spellcasting
 + Level 2.7 Conjurations
 + Level 6.1 Hexes
 + Level 2.7 Charms
 + Level 2.7 Summonings
 + Level 2.7 Necromancy
 + Level 2.7 Translocations
 + Level 2.7 Transmutations
 + Level 2.7 Fire Magic
 + Level 2.7 Ice Magic
 + Level 2.7 Air Magic
 + Level 2.7 Earth Magic
 + Level 2.7 Poison Magic
 + Level 3.7 Invocations
 + Level 3.3 Evocations


You had 7 spell levels left.
You knew the following spells:

 Your Spells              Type           Power        Failure   Level  Hunger
a - Corona                Hex            #####..      6%          1    None
b - Slow                  Hex            #####...     9%          2    #......
c - Portal Projectile     Hex/Tloc       ####..       28%         3    ###....
d - Ensorcelled Hibernat  Hex/Ice        ####..       16%         2    #......

Your spell library contained the following spells:

 Spells                   Type           Power        Failure   Level  Hunger
 Confuse                  Hex            #####...     16%         3    ###....
 Tukima's Dance           Hex            #####...     16%         3    ###....
 Dazzling Spray           Conj/Hex       ####..       28%         3    ###....
 Inner Flame              Hex/Fire       ####....     28%         3    ###....
 Cause Fear               Hex            #####.....   41%         4    ####...
 Leda's Liquefaction      Hex/Erth       ####......   63%         4    ####...


Dungeon Overview and Level Annotations

Branches:
Dungeon (5/15)
 Temple: D:4-7

Altars:
Makhleb

Shops:
D:5 %


Innate Abilities, Weirdness & Mutations

Your experience applies equally to all skills.
You have very sharp teeth.
Your uncanny sense of smell can sniff out nearby items.


Message History

* * * LOW HITPOINT WARNING * * *
You feel very sick. The water moccasin bites you!
* * * LOW HITPOINT WARNING * * *
The water moccasin bites you but does no damage.
It was a potion of brilliance.
You feel clever all of a sudden.
* * * LOW HITPOINT WARNING * * *
You feel very sick. The water moccasin barely misses you.
Unknown command.
It was a potion of magic.
Magic courses through your body.
* * * LOW HITPOINT WARNING * * *
You feel very sick.
The water moccasin bites you but does no damage.
Unknown command.
It was a potion of degeneration.
There was something very wrong with that liquid.
You feel weakened.
You feel dopey.
You feel clumsy.
You die...

#### ... ### #.. #..#
#(.# .# ####...#...# .#
...........# ##.##
#.......# ##...### .
#..@.#.# #...... .
#.S..#.###....#####.
#.#.##..............
...#.##..##)#.# ###..
#.#
#.###.#..........###....
#.# #.#
#.####..##.......... #.#
#.# #.####..########...#
#.######.# #.#.....#
#...# ##.##8.8.8#
#.......# #...#


You could see a water moccasin.

Vanquished Creatures
  Sigmund (D:3)
  Eustachio (D:5)
  Duvessa (D:4)
  A black bear (D:4)
  Blork the orc (D:4)
  Dowan (D:4)
  2 howler monkeys (D:4)
  2 crimson imps (D:5)
  2 orc priests (D:3)
  2 hounds (D:5)
  A bullfrog skeleton (D:4)
  Jessica (D:3)
  Ijyb (D:5)
  Natasha (D:3)
  5 worker ants
  13 adders
  A howler monkey skeleton (D:4)
  2 oozes
  An adder zombie (D:5)
  4 worms
  6 leopard geckos
  10 orcs
  6 bats
  5 giant cockroaches
  7 goblins
  8 hobgoblins
  5 jackals
  9 kobolds
  3 quokkas
  3 ball pythons
  6 frilled lizards
  A quokka zombie (D:5)
  10 rats
123 creatures vanquished.

Notes
Turn   | Place    | Note
-------+----------+-------------------------------------------
     0 | D:1      | dvd the Gnoll Arcane Marksman began the quest for the Orb.
     0 | D:1      | Reached XP level 1. HP: 17/17 MP: 4/4
    89 | D:1      | Reached XP level 2. HP: 22/23 MP: 5/5
   239 | D:1      | Learned a level 2 spell: Slow
   309 | D:1      | Reached XP level 3. HP: 19/28 MP: 4/7
   817 | D:2      | Reached skill level 1 in Invocations
   906 | D:2      | Reached skill level 1 in Short Blades
   906 | D:2      | Reached skill level 1 in Long Blades
   906 | D:2      | Reached skill level 1 in Axes
   906 | D:2      | Reached skill level 1 in Maces & Flails
   906 | D:2      | Reached skill level 1 in Polearms
   906 | D:2      | Reached skill level 1 in Staves
   906 | D:2      | Reached skill level 1 in Slings
   906 | D:2      | Reached skill level 1 in Bows
   906 | D:2      | Reached skill level 1 in Throwing
   906 | D:2      | Reached skill level 1 in Armour
   906 | D:2      | Reached skill level 1 in Stealth
   906 | D:2      | Reached skill level 1 in Shields
   906 | D:2      | Reached skill level 1 in Unarmed Combat
   906 | D:2      | Reached skill level 1 in Evocations
   910 | D:2      | Reached XP level 4. HP: 34/34 MP: 8/8
   937 | D:2      | Learned a level 3 spell: Portal Projectile
  1338 | D:2      | Found a burning altar of Makhleb.
  1410 | D:2      | Reached skill level 1 in Conjurations
  1410 | D:2      | Reached skill level 1 in Charms
  1410 | D:2      | Reached skill level 1 in Summonings
  1410 | D:2      | Reached skill level 1 in Necromancy
  1410 | D:2      | Reached skill level 1 in Translocations
  1410 | D:2      | Reached skill level 1 in Transmutations
  1410 | D:2      | Reached skill level 1 in Fire Magic
  1410 | D:2      | Reached skill level 1 in Ice Magic
  1410 | D:2      | Reached skill level 1 in Air Magic
  1410 | D:2      | Reached skill level 1 in Earth Magic
  1410 | D:2      | Reached skill level 1 in Poison Magic
  1498 | D:2      | Learned a level 2 spell: Ensorcelled Hibernation
  1590 | D:3      | Reached XP level 5. HP: 40/40 MP: 0/9
  1689 | D:3      | Noticed Sigmund
  1737 | D:3      | Killed Sigmund
  1737 | D:3      | Reached XP level 6. HP: 14/47 MP: 2/11
  2073 | D:3      | Reached skill level 5 in Crossbows
  2073 | D:3      | Reached skill level 5 in Dodging
  2107 | D:3      | Noticed Jessica
  2117 | D:3      | Killed Jessica
  2613 | D:3      | Noticed Natasha
  2617 | D:3      | Killed Natasha
  2764 | D:3      | Reached XP level 7. HP: 40/52 MP: 12/12
  3305 | D:4      | Noticed Duvessa
  3534 | D:4      | Noticed Dowan
  3547 | D:4      | Killed Dowan
  3948 | D:4      | Killed Duvessa
  3948 | D:4      | Reached XP level 8. HP: 40/60 MP: 5/14
  4006 | D:4      | Reached skill level 6 in Hexes
  4433 | D:4      | Noticed Blork the orc
  4459 | D:4      | Killed Blork the orc
  5011 | D:2      | Became a worshipper of Makhleb the Destroyer
  5053 | D:5      | Entered Level 5 of the Dungeon
  5053 | D:5      | Noticed Ijyb
  5066 | D:5      | Killed Ijyb
  5406 | D:5      | Found Jyown's Food Emporium.
  5626 | D:5      | Noticed Eustachio
  5666 | D:5      | Killed Eustachio
  5872 | D:5      | HP: 3/60 [poisoned by a water moccasin]
  5873 | D:5      | Succumbed to a water moccasin's poison

Skill      XL: |  1  2  3  4  5  6  7  8 |
---------------+-------------------------+-----
Invocations    | 1 2 3 |  3.7
Short Blades   | 1 2 3 |  3.3
Long Blades    | 1 2 3 |  3.3
Axes           | 1 2 3 |  3.3
Maces & Flails | 1 2 3 |  3.3
Polearms       | 1 2 3 |  3.3
Staves         | 1 2 3 |  3.3
Slings         | 1 2 3 |  3.3
Bows           | 1 2 3 |  3.3
Throwing       | 1 2 3 |  3.3
Armour         | 1 2 3 |  3.3
Stealth        | 1 2 3 |  3.3
Shields        | 1 2 3 |  3.3
Unarmed Combat | 1 2 3 |  3.3
Evocations     | 1 2 3 |  3.3
Spellcasting   | 3 4 |  4.4
Conjurations   | 1 2 |  2.7
Charms         | 1 2 |  2.7
Summonings     | 1 2 |  2.7
Necromancy     | 1 2 |  2.7
Translocations | 1 2 |  2.7
Transmutations | 1 2 |  2.7
Fire Magic     | 1 2 |  2.7
Ice Magic      | 1 2 |  2.7
Air Magic      | 1 2 |  2.7
Earth Magic    | 1 2 |  2.7
Poison Magic   | 1 2 |  2.7
Fighting       | 3 4 |  4.3
Crossbows      | 5 |  5.7
Dodging        | 5 |  5.7
Hexes          | 6 |  6.1

Action                   |  1- 3 |  4- 6 |  7- 9 || total
-------------------------+-------+-------+-------++-------
Melee: Dagger            |     8 |     1 |     1 ||    10
       Bite              |     1 |     3 |    10 ||    14
       Short sword       |       |    10 |       ||    10
       Club              |       |    22 |    20 ||    42
       Punch             |       |     1 |     1 ||     2
       Rapier            |       |       |    84 ||    84
 Fire: Hand crossbow     |    77 |   114 |   105 ||   296
 Cast: Slow              |     2 |     3 |     6 ||    11
       Portal Projectile |       |     8 |     3 ||    11
       Ensorcelled Hiber |       |       |     8 ||     8
  Use: Potion            |       |       |     3 ||     3
 Stab: Sleeping          |       |     1 |     2 ||     3
  Eat: Chunk             |       |     7 |     6 ||    13
       Ration            |       |       |     1 ||     1
Armor: Robe              |     4 |    14 |     4 ||    22
       Chain mail        |       |       |    58 ||    58
Dodge: Dodged            |    16 |    72 |    81 ||   169
